 Dungeon Crawl Stone Soup version 0.31.0-9-g3a7656b989 (webtiles) character file.

Game seed: 3910093096336499514

21450 qw the Spry (level 12, -3/60 HPs)
             Began as a Spriggan Hunter on Feb 2, 2024.
             Was a High Priest of Okawaru.
             Killed by angry trees
             ... awakened by a spriggan druid
              (17 damage)
             ... on level 3 of the Lair of Beasts.
             The game lasted 00:01:10 (9807 turns).

qw the Spry (Spriggan Hunter)                       Turns: 9807, Time: 00:01:11

Health: -3/60      AC:  8    Str:  7    XL:     12   Next: 54%
Magic:  17/20      EV: 35    Int:  8    God:    Okawaru [*****.]
Gold:   769        SH:  0    Dex: 33    Spells: 11/11 levels left

rFire   . . .        e - +5 shortbow (freeze)
rCold   . . .        (shield currently unavailable)
rNeg    . . .        c - +1 acid dragon scales
rPois   +            (helmet restricted)
rElec   .            t - +0 cloak
rCorr   +            (gloves unavailable)
SInv    +            (boots unavailable)
Will    ++...        (no amulet)
Stlth   ++++         q - +6 ring of dexterity
HPRegen 0.30/turn    i - ring of Egalitarianism {rPois Int-3 Dex+4 Stlth+}
MPRegen 0.17/turn

%: no passive effects
@: finesse-ful, very quick
A: very small, no large weapons, unfitting armour, see invisible, speed 3
a: Renounce Religion, Heroism, Finesse, Duel


You were on level 3 of the Lair of Beasts.
You worshipped Okawaru.
Okawaru was extremely pleased with you.
You visited 2 branches of the dungeon, and saw 12 of its levels.
You also visited: Sewer.

You collected 769 gold pieces.


Innate Abilities, Weirdness & Mutations

You are very small and have problems with some larger weapons.
You are too small for most types of armour.
You have supernaturally acute eyesight. (SInv)
You cover ground extremely quickly. (Speed+++)


   Skills:
 - Level 5.0 Fighting
 + Level 13.8 Ranged Weapons
 - Level 2.0 Armour
 - Level 15.0 Dodging
 - Level 1.5 Stealth
 - Level 10.0 Invocations


You had 11 spell levels left.
You didn't know any spells.
Your spell library was empty.

Inventory:

Hand Weapons
 e - a +5 shortbow of freezing (weapon)
Armour
 c - +1 acid dragon scales (worn)
 t - a +0 cloak (worn)
Jewellery
 a - a ring of fire
 g - a +5 ring of evasion
 i - the ring of Egalitarianism (right hand) {rPois Int-3 Dex+4 Stlth+}
   (You found it on level 5 of the Dungeon)

   [ring of poison resistance]

   Int-3:     It affects your intelligence (-3).
   Dex+4:     It affects your dexterity (+4).
   rPois:     It protects you from poison Stlth+: It makes you more stealthy.
 q - a +6 ring of dexterity (left hand)
Wands
 k - a wand of iceblast (20)
 n - a wand of quicksilver (4)
 p - a wand of digging (5)
 u - a wand of mindburst (19)
Scrolls
 l - 2 scrolls of identify
Potions
 b - 4 potions of haste
 d - 5 potions of curing
 f - 2 potions of resistance
 h - 7 potions of might
 j - a potion of magic
 m - 3 potions of mutation

Dungeon Overview and Level Annotations

Branches:
Dungeon (9/15)             Temple (0/1) D:7            Lair (3/5) D:9
  Snake (0/4) Lair:3        Sewer (visited)
  Swamp: Lair:2-3    Shoals: Lair:2-3       Orc: D:9-12

Altars:
Cheibriados
Gozag
Kikubaaqudgha
Nemelex Xobeh
Okawaru
Qazlal
Trog
Uskayaw
Wu Jian
Yredelemnul
The Shining One

Shops:
D:2 =


Message History

The wolf is severely wounded.
The wolf bites you!
You shoot an arrow. The arrow hits the wolf!
The arrow freezes the wolf.
You kill the wolf!
Okawaru accepts your kill. A root smacks you from below!
9799 ||| DRINKING potion of heal wounds.
You feel much better. A tree reaches out but misses you.
The bullfrog misses you.
You shoot an arrow. The arrow hits the bullfrog!
The bullfrog seems to slow down.
The arrow freezes the bullfrog!
You kill the bullfrog!
Okawaru accepts your kill.
You shoot an arrow. The arrow hits the spriggan druid.
The arrow freezes the spriggan druid.
The spriggan druid is lightly wounded.
You shoot an arrow.
The arrow hits the spriggan druid but does no damage.
The spriggan druid is lightly wounded.
A tree reaches out but misses you.
The spriggan druid completely misses you.
The wolf misses you.
You shoot an arrow. The arrow hits the spriggan druid!
The arrow freezes the spriggan druid.
The spriggan druid is moderately wounded.
You shoot an arrow.
The arrow barely misses the spriggan druid.
Trunks creak and shift.
A root lunges up near you. The wolf closely misses you.
The spriggan druid hits you with a +0 quarterstaff!
You shoot an arrow.
The arrow barely misses the spriggan druid.
The wolf misses you.
You shoot an arrow.
The arrow barely misses the spriggan druid.
You shoot an arrow. The arrow hits the spriggan druid!
The arrow freezes the spriggan druid.
The spriggan druid is severely wounded.
You are hit by a branch!
You die...

7.......#....##P.
7......###...##.. .
77.....###...##.#
..77
##.....##%..####
...77 #..##......##
#.
..7...777..#....#.##
#.
.....%%7...##...#.##
##
7..yi7h...#......#
7@...#####.>##
##.### #### ###


You could see a spriggan druid, a hornet and a wolf.

Vanquished Creatures
  2 hydras
  A boulder beetle (Lair:3)
  A catoblepas (Lair:1)
  Erica (D:8)
  A spriggan druid (Lair:3)
  An oklob plant (Lair:3)
  A cyclops (D:9)
  Maurice (D:7)
  2 black mambas
  Maggie (Lair:2)
  6 cane toads
  Jeremiah (D:7)
  A rime drake (Lair:1)
  5 komodo dragons
  An unseen horror (D:9)
  A troll (D:9)
  11 blink frogs
  2 spriggans (Lair:2)
  A wraith (D:9)
  Sigmund (D:4)
  12 yaks
  4 wyverns
  A basilisk (Lair:1)
  2 steam dragons
  7 water moccasins
  3 nagas (Lair:3)
  An acid dragon (D:8)
  An ice beast (D:6)
  An orc warrior (D:9)
  A sky beast (D:7)
  2 black bears (Lair:2)
  2 ogres (D:5)
  2 centaurs
  22 wolves
  2 phantoms (D:5)
  A kobold brigand (D:7)
  10 bullfrogs
  2 scorpions
  5 wights (D:7)
  9 killer bees (D:8)
  An electric eel (Lair:2)
  7 howler monkeys
  3 bombardier beetles
  6 hounds
  2 orc priests
  2 sleepcaps
  6 iguanas
  3 orc wizards
  8 adders
  4 gnolls
  2 white imps (D:5)
  2 ufetubi (D:6)
  5 ribbon worms
  A dart slug (D:2)
  21 orcs
  9 endoplasms
  7 giant cockroaches
  2 goblins
  6 hobgoblins
  20 kobolds
  4 quokkas
  9 ball pythons
  4 bats
  2 frilled lizards (D:1)
  5 rats
273 creatures vanquished.

Vanquished Creatures (collateral kills)
  A hobgoblin (D:4)
1 creature vanquished.

Grand Total: 274 creatures vanquished

Notes
Turn   | Place    | Note
-------+----------+-------------------------------------------
     0 | D:1      | qw the Spriggan Hunter began the quest for the Orb.
     0 | D:1      | Reached XP level 1. HP: 10/10 MP: 2/2
     0 | D:1      | 0 ||| qw: Version: 0.3-a-155-g5e7d8dd
     0 | D:1      | 0 ||| qw: Game counter: 2614
     0 | D:1      | 0 ||| qw: Melee chars always use a shield: true
     0 | D:1      | 0 ||| qw: God list: Okawaru
     0 | D:1      | 0 ||| qw: Allow faded altars: false
     0 | D:1      | 0 ||| qw: Do Orc after clearing Dungeon:15 true
     0 | D:1      | 0 ||| qw: Do second Lair branch before Depths: true
     0 | D:1      | 0 ||| qw: Lair rune preference: random
     0 | D:1      | 0 ||| qw: Goals: Normal
     0 | D:1      | 0 ||| PLANNING D:1-11
   245 | D:1      | Reached skill level 3 in Dodging
   407 | D:1      | Reached XP level 2. HP: 10/14 MP: 3/3
   512 | D:1      | Reached skill level 4 in Dodging
   827 | D:1      | 827 ||| READING scroll labelled XYS NAIXKATH.
   928 | D:1      | 928 ||| READING scroll labelled ORESUMMESIH.
   929 | D:1      | 929 ||| DROPPING scroll of butterflies.
   972 | D:2      | Found Diubout's Jewellery Emporium.
   981 | D:2      | 981 ||| SHOPLISTING +4 ring of slaying (1092 gold, have
                  | 49).
   981 | D:2      | 981 ||| SHOPLISTING amulet of regeneration (420 gold, have
                  | 49).
   981 | D:2      | 981 ||| SHOPLISTING amulet of the acrobat (420 gold, have
                  | 49).
   981 | D:2      | 981 ||| SHOPLISTING ring of ice (350 gold, have 49).
   981 | D:2      | 981 ||| SHOPLISTING ring of protection from fire (350 gold,
                  | have 49).
  1061 | D:2      | Reached XP level 3. HP: 18/18 MP: 4/4
  1074 | D:2      | Identified the +6 mace of the Radish {freeze, rPois Int+4}
  1490 | D:2      | Reached XP level 4. HP: 22/22 MP: 5/5
  1511 | D:2      | You fall into a shaft and drop 2 floors!
  1524 | D:4      | HP: 1/22 [sleepcap (19)]
  1592 | D:4      | Reached skill level 5 in Dodging
  1621 | D:4      | 1621 ||| DROPPING ring of magical power.
  1622 | D:4      | 1622 ||| READING scroll labelled QOSSEL KENA.
  1622 | D:4      | 1622 ||| IDENTIFYING bubbling blue potion
  1972 | D:2      | 1972 ||| READING scroll labelled IWKADE QATTE.
  1972 | D:2      | Identified a scroll of acquirement
  1972 | D:2      | 1972 ||| ACQUIRING +4 shortbow of freezing
  1972 | D:2      | Acquired a +4 shortbow of freezing
  1974 | D:2      | 1974 ||| SWAPPING to +4 shortbow of freezing.
  1975 | D:2      | 1975 ||| DROPPING +0 shortbow.
  2028 | D:3      | Reached XP level 5. HP: 25/26 MP: 6/6
  2414 | D:3      | 2414 ||| READING scroll labelled AHYNTANUPP.
  2415 | D:3      | 2415 ||| READING scroll labelled LAWYOD XATRIHE.
  2496 | D:4      | Noticed Sigmund
  2503 | D:4      | Killed Sigmund
  2504 | D:4      | Reached skill level 6 in Ranged Weapons
  2504 | D:4      | Reached XP level 6. HP: 21/30 MP: 7/7
  2821 | D:4      | Reached skill level 6 in Dodging
  2990 | D:4      | Reached XP level 7. HP: 35/35 MP: 8/8
  2990 | D:4      | Found an iron altar of Okawaru.
  2990 | D:4      | Found a sparkling altar of Nemelex Xobeh.
  2990 | D:4      | Found an opulent altar of Gozag.
  2991 | D:4      | 2991 ||| PLANNING OKAWARU WORSHIP
  2991 | D:4      | 2991 ||| READING scroll of identify.
  2991 | D:4      | 2991 ||| IDENTIFYING fuming coppery potion
  2992 | D:4      | 2992 ||| READING scroll labelled REWOUBBYAZ.
  2993 | D:4      | 2993 ||| READING scroll labelled VAMNAYTHR WARY.
  2994 | D:4      | 2994 ||| DROPPING potion of attraction.
  2995 | D:4      | Found a stormy altar of Qazlal.
  2995 | D:4      | Found a basalt altar of Yredelemnul.
  2995 | D:4      | Found a hide-covered altar of Uskayaw.
  3004 | D:4      | Became a worshipper of Warmaster Okawaru
  3005 | D:4      | 3005 ||| PLANNING D:1-11
  3174 | D:4      | 3174 ||| DRINKING 2 dark potions.
  3190 | D:5      | Entered Level 5 of the Dungeon
  3264 | D:5      | Reached skill level 7 in Dodging
  3267 | D:5      | Identified the ring of Egalitarianism {rPois Int-3 Dex+4
                  | Stlth+}
  3387 | D:5      | Reached * piety under Okawaru
  3572 | D:5      | Reached skill level 1 in Invocations
  3846 | D:5      | Reached XP level 8. HP: 39/39 MP: 10/10
  4011 | D:5      | Reached skill level 3 in Invocations
  4132 | D:5      | Found an ancient bone altar of Kikubaaqudgha.
  4133 | D:5      | 4133 ||| UPGRADING to ring of positive energy.
  4134 | D:5      | 4134 ||| UPGRADING to ring of Egalitarianism {rPois Int-3
                  | Dex+4 Stlth+}.
  4135 | D:5      | 4135 ||| READING scroll labelled TUH TUECUTH.
  4135 | D:5      | 4135 ||| ENCHANTING +0 robe.
  4136 | D:5      | 4136 ||| READING scroll labelled QUOFIWYCSO.
  4136 | D:5      | 4136 ||| ENCHANTING +4 shortbow of freezing.
  4137 | D:5      | 4137 ||| DRINKING 2 lumpy coppery potions.
  4175 | D:6      | 4175 ||| PLANNING SEWER
  4189 | D:6      | Reached ** piety under Okawaru
  4334 | D:6      | Found a glowing drain.
  4339 | Sewer    | Entered a sewer
  4540 | Sewer    | 4540 ||| READING 3 scrolls of identify.
  4540 | Sewer    | 4540 ||| IDENTIFYING sapphire potion
  4541 | Sewer    | 4541 ||| READING 2 scrolls of identify.
  4541 | Sewer    | 4541 ||| IDENTIFYING yellow potion
  4542 | Sewer    | 4542 ||| READING scroll of identify.
  4542 | Sewer    | 4542 ||| IDENTIFYING purple potion
  4543 | Sewer    | 4543 ||| READING scroll labelled SAGGAVVE KAUM.
  4544 | Sewer    | 4544 ||| READING scroll labelled DUETINYUFAE.
  4545 | Sewer    | 4545 ||| DROPPING potion of degeneration.
  4553 | D:6      | 4553 ||| PLANNING D:1-11
  4615 | D:6      | Reached skill level 8 in Dodging
  5177 | D:6      | 5177 ||| READING scroll labelled CEIFAH KAHO.
  5240 | D:7      | Reached skill level 9 in Dodging
  5248 | D:7      | Reached skill level 3 in Fighting
  5283 | D:7      | Found a staircase to the Ecumenical Temple.
  5286 | D:7      | 5286 ||| UPGRADING to +1 robe of positive energy.
  5328 | D:7      | 5328 ||| DROPPING +1 robe.
  5335 | D:7      | Reached skill level 9 in Ranged Weapons
  5335 | D:7      | Reached XP level 9. HP: 44/44 MP: 13/13
  5335 | D:7      | Noticed Jeremiah
  5339 | D:7      | Reached *** piety under Okawaru
  5355 | D:7      | 5355 ||| FLEEEEING.
  5356 | D:7      | 5356 ||| FLEEEEING.
  5357 | D:7      | 5357 ||| FLEEEEING.
  5359 | D:7      | 5359 ||| FLEEEEING.
  5360 | D:7      | 5360 ||| FLEEEEING.
  5369 | D:7      | 5369 ||| FLEEEEING.
  5370 | D:7      | 5370 ||| FLEEEEING.
  5375 | D:7      | HP: 6/44 [Jeremiah/+4 trident of draining (11)]
  5376 | D:7      | 5376 ||| DRINKING potion of heal wounds.
  5381 | D:7      | HP: 3/41 [Jeremiah/divine providence (10)]
  5383 | D:7      | 5383 ||| INVOKING Heroism.
  5393 | D:7      | Killed Jeremiah
  5394 | D:7      | Reached skill level 10 in Dodging
  5819 | D:7      | Found a snail-covered altar of Cheibriados.
  5822 | D:7      | Found an ornate altar of the Wu Jian Council.
  5827 | D:7      | Found a bloodstained altar of Trog.
  5833 | D:7      | Found a glowing golden altar of the Shining One.
  5901 | D:7      | Noticed Maurice
  5902 | D:7      | 5902 ||| INVOKING Heroism.
  5908 | D:7      | Killed Maurice
  5923 | D:7      | 5923 ||| UPGRADING to +0 cloak.
  5966 | D:7      | 5966 ||| UPGRADING to ring of resist corrosion.
  5968 | D:7      | 5968 ||| UPGRADING to +6 ring of dexterity.
  5970 | D:7      | 5970 ||| DROPPING ring of positive energy.
  5971 | D:7      | 5971 ||| DROPPING ring of resist corrosion.
  5972 | D:7      | 5972 ||| READING scroll of identify.
  5972 | D:7      | 5972 ||| IDENTIFYING bubbling amethyst potion
  5973 | D:7      | 5973 ||| DRINKING 2 green potions.
  6038 | D:8      | Reached skill level 11 in Dodging
  6169 | D:8      | 6169 ||| RETREEEEATING.
  6171 | D:8      | 6171 ||| RETREEEEATING.
  6173 | D:8      | 6173 ||| RETREEEEATING.
  6175 | D:8      | 6175 ||| INVOKING Heroism.
  6183 | D:8      | 6183 ||| RETREEEEATING.
  6185 | D:8      | Reached skill level 12 in Dodging
  6191 | D:8      | Reached XP level 10. HP: 49/49 MP: 12/14
  6205 | D:8      | Reached **** piety under Okawaru
  6243 | D:8      | Noticed Erica
  6244 | D:8      | 6244 ||| INVOKING Finesse.
  6256 | D:8      | Killed Erica
  6257 | D:8      | Reached skill level 13 in Dodging
  6512 | D:8      | 6512 ||| UPGRADING to +0 acid dragon scales.
  6522 | D:8      | 6522 ||| DROPPING +1 robe of positive energy.
  6634 | D:9      | Reached skill level 1 in Armour
  6708 | D:9      | 6708 ||| READING scroll of enchant armour.
  6708 | D:9      | 6708 ||| ENCHANTING +0 acid dragon scales.
  6758 | D:9      | Found a staircase to the Lair.
  6897 | D:9      | Noticed a cyclops
  6898 | D:9      | 6898 ||| INVOKING Finesse.
  6902 | D:9      | Killed a cyclops
  6903 | D:9      | Reached skill level 6 in Invocations
  6916 | D:9      | Reached ***** piety under Okawaru
  7030 | D:9      | 7030 ||| INVOKING Finesse.
  7255 | D:9      | 7255 ||| PLANNING LAIR
  7255 | D:9      | 7255 ||| DROPPING +6 ring of intelligence.
  7256 | D:9      | 7256 ||| READING 3 scrolls of identify.
  7256 | D:9      | 7256 ||| IDENTIFYING fuming cyan potion
  7257 | D:9      | 7257 ||| READING 2 scrolls of identify.
  7257 | D:9      | 7257 ||| IDENTIFYING metallic puce potion
  7258 | D:9      | 7258 ||| READING scroll of identify.
  7258 | D:9      | 7258 ||| IDENTIFYING cyan potion
  7259 | D:9      | 7259 ||| DROPPING potion of brilliance.
  7260 | D:9      | 7260 ||| DROPPING potion of lignification.
  7261 | D:9      | 7261 ||| DROPPING potion of invisibility.
  7266 | Lair:1   | Entered Level 1 of the Lair of Beasts
  7271 | Lair:1   | Reached XP level 11. HP: 53/53 MP: 17/17
  7317 | Lair:1   | Noticed a catoblepas
  7318 | Lair:1   | 7318 ||| INVOKING Finesse.
  7319 | Lair:1   | 7319 ||| INVOKING Finesse.
  7339 | Lair:1   | Killed a catoblepas
  7464 | Lair:1   | Reached skill level 12 in Ranged Weapons
  7675 | Lair:1   | 7675 ||| RETREEEEATING.
  7676 | Lair:1   | 7676 ||| RETREEEEATING.
  7677 | Lair:1   | 7677 ||| RETREEEEATING.
  7678 | Lair:1   | 7678 ||| RETREEEEATING.
  7679 | Lair:1   | 7679 ||| RETREEEEATING.
  7685 | Lair:1   | 7685 ||| RETREEEEATING.
  7686 | Lair:1   | 7686 ||| RETREEEEATING.
  7687 | Lair:1   | 7687 ||| RETREEEEATING.
  7690 | Lair:1   | 7690 ||| INVOKING Finesse.
  7691 | Lair:1   | 7691 ||| INVOKING Finesse.
  7703 | Lair:1   | HP: 10/55 [blink frog (7)]
  7704 | Lair:1   | 7704 ||| READING scroll of teleportation.
  7705 | Lair:1   | 7705 ||| DRINKING potion of heal wounds.
  7832 | Lair:1   | Received a gift from Okawaru
  7833 | Lair:1   | Reached skill level 9 in Invocations
  7935 | Lair:1   | 7935 ||| READING 2 scrolls of identify.
  7935 | Lair:1   | 7935 ||| IDENTIFYING glowing brown potion
  7936 | Lair:1   | 7936 ||| DROPPING potion of berserk rage.
  8012 | Lair:2   | Noticed Maggie
  8018 | Lair:2   | 8018 ||| RETREEEEATING.
  8019 | Lair:2   | 8019 ||| RETREEEEATING.
  8020 | Lair:2   | 8020 ||| RETREEEEATING.
  8021 | Lair:2   | 8021 ||| RETREEEEATING.
  8023 | Lair:2   | 8023 ||| RETREEEEATING.
  8024 | Lair:2   | 8024 ||| RETREEEEATING.
  8025 | Lair:2   | 8025 ||| RETREEEEATING.
  8026 | Lair:2   | 8026 ||| RETREEEEATING.
  8027 | Lair:2   | 8027 ||| RETREEEEATING.
  8028 | Lair:2   | 8028 ||| RETREEEEATING.
  8029 | Lair:2   | 8029 ||| RETREEEEATING.
  8030 | Lair:2   | 8030 ||| RETREEEEATING.
  8059 | Lair:2   | HP: 2/55 [Maggie/the +9 lance "Wyrmbane" {slay drac, rPois
                  | rF+ rC+ AC+3} (14)]
  8060 | Lair:2   | Killed Maggie
  8061 | Lair:2   | Reached skill level 14 in Dodging
  8628 | Lair:2   | 8628 ||| RETREEEEATING.
  8629 | Lair:2   | 8629 ||| RETREEEEATING.
  8630 | Lair:2   | 8630 ||| RETREEEEATING.
  8631 | Lair:2   | 8631 ||| RETREEEEATING.
  8632 | Lair:2   | 8632 ||| RETREEEEATING.
  8633 | Lair:2   | 8633 ||| RETREEEEATING.
  8634 | Lair:2   | 8634 ||| RETREEEEATING.
  8636 | Lair:2   | 8636 ||| RETREEEEATING.
  8912 | Lair:2   | Reached XP level 12. HP: 60/60 MP: 20/20
  8939 | Lair:2   | Noticed a seven-headed hydra
  8940 | Lair:2   | 8940 ||| INVOKING Finesse.
  8947 | Lair:2   | Killed a seven-headed hydra
  8947 | Lair:2   | Received a gift from Okawaru
  9181 | Lair:3   | Noticed a boulder beetle
  9182 | Lair:3   | 9182 ||| INVOKING Finesse.
  9208 | Lair:3   | Killed a boulder beetle
  9237 | Lair:3   | Found a staircase to the Snake Pit.
  9565 | Lair:3   | Reached skill level 15 in Dodging
  9640 | Lair:3   | Noticed a seven-headed hydra
  9641 | Lair:3   | 9641 ||| INVOKING Finesse.
  9646 | Lair:3   | Killed a seven-headed hydra
  9782 | Lair:3   | 9782 ||| INVOKING Finesse.
  9798 | Lair:3   | HP: 8/60 [spriggan druid/angry trees (12)]
  9799 | Lair:3   | 9799 ||| DRINKING potion of heal wounds.
  9804 | Lair:3   | HP: 14/60 [spriggan druid/+0 quarterstaff (16)]
  9807 | Lair:3   | Killed from afar by a spriggan druid

Levels and vault maps discovered:
D:1:      heliophobic_arrival_ceremonial_halls, layout_loops_corners
D:2:      minmay_evil_eye, layout_basic, serial_shops, shop
D:3:      layout_basic, hex_intersection
D:4:      layout_gridville, grunt_temple_overflow_open, uniq_sigmund
D:5:      minmay_spotlight, layout_loops_corners, lemuel_coloured_pillars_altar
D:6:      layout_gridville, portal_sewer_entry_e
D:7:      layout_rooms, grunt_temple_overflow_cloverleaf,
          minmay_temple_entry_glass, uniq_maurice, uniq_jeremiah
D:8:      layout_rooms, roderic_roman_lattice, uniq_erica
D:9:      layout_basic, david_lair_shrubbed, minmay_three_doors
Lair:1:   layout_big_grid
Lair:2:   wad_woods_tower, layout_hall_layers, serial_bayou_shore_a, uniq_maggie
Lair:3:   layout_misc_corridors, mainiacjoe_swamp_entry_angry_trees,
          minmay_snake_entry_guardpost_medium, serial_bayou_shore_b

Skill      XL: |  1  2  3  4  5  6  7  8  9 10 11 12 |
---------------+-------------------------------------+-----
Dodging        | 3 4 5 6 7 9 12 13 14 15 | 15.0
Ranged Weapons | 5 6 7 8 9 10 11 12 13 | 13.8
Fighting       | 2 3 4 5 |  5.0
Invocations    | 2 4 6 10 | 10.0
Armour         | 1 2 |  2.0
Stealth        | |  1.5

Action                     |  1- 3 |  4- 6 |  7- 9 | 10-12 || total
---------------------------+-------+-------+-------+-------++-------
   Fire: Shortbow          |   112 |   109 |   295 |   543 ||  1059
 Invoke: Heroism           |       |       |     3 |       ||     3
         Finesse           |       |       |       |     9 ||     9
    Use: Scroll            |     2 |     4 |    12 |     6 ||    24
         Potion            |       |       |     4 |     2 ||     6
 Armour: Robe              |    13 |    11 |    13 |     4 ||    41
         Acid dragon scale |       |       |       |    44 ||    44
  Dodge: Dodged            |    34 |    43 |   108 |   255 ||   440

Table legend:
 A = Non-vault XP
 B = Vault XP
 C = Vault XP percentage of total XP
 D = Non-vault monster count
 E = Vault monster count
 F = Vault count percentage of total count
                 A         B        C        D         E       F
            +---------+---------+-------+---------+---------+-------
      Total |   24185 |    6458 |  21.1 |     223 |      51 |  18.6
            +---------+---------+-------+---------+---------+-------
        D:1 |      32 |       0 |   0.0 |      13 |       0 |   0.0
        D:2 |      56 |      11 |  16.4 |      17 |       4 |  19.0
        D:3 |      56 |       0 |   0.0 |       9 |       0 |   0.0
        D:4 |     378 |     214 |  36.1 |      23 |       1 |   4.2
        D:5 |     654 |     278 |  29.8 |      12 |       4 |  25.0
        D:6 |     488 |       0 |   0.0 |      18 |       0 |   0.0
        D:7 |    1264 |     906 |  41.8 |      26 |       2 |   7.1
        D:8 |    2169 |     821 |  27.5 |      21 |       1 |   4.5
        D:9 |    2366 |    1171 |  33.1 |      17 |       4 |  19.0
     Lair:1 |    6912 |       0 |   0.0 |      27 |       0 |   0.0
     Lair:2 |    3666 |    1324 |  26.5 |      19 |       7 |  26.9
     Lair:3 |    6144 |    1696 |  21.6 |      21 |       6 |  22.2
      Sewer |       0 |      37 | 100.0 |       0 |      22 | 100.0
            +---------+---------+-------+---------+---------+-------
